SAAA
SIOUX FALLS RED PANDAS @ ALLOWAY HALBERDS
09/01/2027
 
TOP OF THE 1ST
Sioux Falls Red Pandas batting - Pitching for Alloway Halberds : RHP Jim Unknown
Pitching: RHP Jim Unknown
Batting: RHB Bryant Skelly 0-0: Ball
1-0: Called Strike
1-1: Ground out 5-3 (Groundball, 56S)
Batting: RHB Arturo Scantlebury 0-0: Ball
1-0: Ball
2-0: SINGLE (Groundball, 56D)
Batting: LHB Armando Becerra 0-0: Ball
Wild Pitch!
Arturo Scantlebury to second
1-0: Ball
2-0: SINGLE (Groundball, 13S) (infield hit)
Arturo Scantlebury to third
Batting: RHB Apu Nahasapeemapetilon 0-0: Fly out, F2 (Popup, 5S)
Batting: LHB Homer Spence 0-0: Called Strike
0-1: Fielders Choice at 2nd, 5-4 (Groundball, 5L)
Top of the 1st over - 0 run(s), 2 hit(s), 0 error(s), 1 left on base; Sioux Falls 0 - Alloway 0
BOTTOM OF THE 1ST
Alloway Halberds batting - Pitching for Sioux Falls Red Pandas : RHP Armando Marrero
Pitching: RHP Armando Marrero
Batting: LHB Jesús Trevino 0-0: Ball
1-0: Ball
2-0: Foul Ball, location: 2F
2-1: Ball
3-1: Base on Balls
Batting: RHB Jorge López 0-0: Ball
1-0: Foul Ball, location: 2F
1-1: Called Strike
1-2: Foul Ball, location: 2F
1-2: SINGLE (Groundball, 34D)
Jesús Trevino to second
Runner from 2nd tries for 3rd, SAFE, no throw
Batting: RHB Juan Salinas 0-0: Called Strike
0-1: 3-RUN HOME RUN (Flyball, 7D), Distance : 392 ft
Batting: LHB Jorge Flores 0-0: Called Strike
0-1: Ball
1-1: Called Strike
1-2: Foul Ball, location: 2F
1-2: Foul Ball, location: 2F
1-2: Fly out, F8 (Flyball, 89S)
Batting: RHB Vito Middendorf 0-0: Ball
1-0: Swinging Strike
1-1: Ball
2-1: Fly out, F9 (Flyball, 89S)
Batting: SHB John Clayton 0-0: Ball
1-0: Fly out, F9 (Flyball, 9S)
Bottom of the 1st over - 3 run(s), 2 hit(s), 0 error(s), 0 left on base; Sioux Falls 0 - Alloway 3
TOP OF THE 2ND
Sioux Falls Red Pandas batting - Pitching for Alloway Halberds : RHP Jim Unknown
Batting: RHB Jesús Vásquez 0-0: Fly out, F6 (Line Drive, 6)
Batting: LHB Augustus Driscoll 0-0: Ball
1-0: Called Strike
1-1: Swinging Strike
1-2: Ball
2-2: Foul Ball, location: 2F
2-2: Ground out 4-3 (Groundball, 4)
Batting: RHB Kenneth Noid 0-0: SINGLE (Line Drive, 7)
Batting: LHB Fa-tang Wang 0-0: Ball
1-0: Ball
2-0: Fly out, F7 (Flyball, 7S)
Top of the 2nd over - 0 run(s), 1 hit(s), 0 error(s), 1 left on base; Sioux Falls 0 - Alloway 3
BOTTOM OF THE 2ND
Alloway Halberds batting - Pitching for Sioux Falls Red Pandas : RHP Armando Marrero
Batting: RHB Chi-hyeong Ho 0-0: Ball
1-0: Called Strike
1-1: Called Strike
1-2: Ball
2-2: Foul Ball, location: 2F
2-2: Ground out 6-3 (Groundball, 6)
Batting: RHB Noah Smith 0-0: Ball
1-0: Foul Ball, location: 2F
1-1: Ball
2-1: Ball
3-1: Ground out 6-3 (Groundball, 56)
Batting: RHB Cisco Hernández 0-0: Ball
1-0: Ball
2-0: Called Strike
2-1: Ball
3-1: SINGLE (Groundball, 34D)
Batting: LHB Jesús Trevino 0-0: Ball
Cisco Hernández steals 2nd base
1-0: Foul Ball, location: 2F
1-1: Ball
2-1: Foul Ball, location: 2F
2-2: Ball
3-2: Strikes out swinging
Bottom of the 2nd over - 0 run(s), 1 hit(s), 0 error(s), 1 left on base; Sioux Falls 0 - Alloway 3
TOP OF THE 3RD
Sioux Falls Red Pandas batting - Pitching for Alloway Halberds : RHP Jim Unknown
Batting: RHB Bryant Skelly 0-0: Ground out 5-3 (Groundball, 56)
Batting: RHB Arturo Scantlebury 0-0: Ball
1-0: Called Strike
1-1: Fly out, F8 (Flyball, 8RM)
Batting: LHB Armando Becerra 0-0: Ball
1-0: Ball
2-0: Fly out, F9 (Flyball, 9)
Top of the 3rd over - 0 run(s), 0 hit(s), 0 error(s), 0 left on base; Sioux Falls 0 - Alloway 3
BOTTOM OF THE 3RD
Alloway Halberds batting - Pitching for Sioux Falls Red Pandas : RHP Armando Marrero
Batting: RHB Jorge López 0-0: Called Strike
0-1: Swinging Strike
0-2: Strikes out looking
Batting: RHB Juan Salinas 0-0: Fly out, F8 (Line Drive, 78D)
Batting: LHB Jorge Flores 0-0: Ball
1-0: Ball
2-0: Called Strike
2-1: Foul Ball, location: 2F
2-2: SINGLE (Groundball, 6MD)
Batting: RHB Vito Middendorf 0-0: Called Strike
0-1: Foul Ball, location: 2F
0-2: Fly out, F8 (Flyball, 8RM)
Bottom of the 3rd over - 0 run(s), 1 hit(s), 0 error(s), 1 left on base; Sioux Falls 0 - Alloway 3
TOP OF THE 4TH
Sioux Falls Red Pandas batting - Pitching for Alloway Halberds : RHP Jim Unknown
Batting: RHB Apu Nahasapeemapetilon 0-0: Ground out 4-3 (Groundball, 4)
Batting: LHB Homer Spence 0-0: Ball
1-0: Called Strike
1-1: Foul Ball, location: 2F
1-2: Strikes out swinging
Batting: RHB Jesús Vásquez 0-0: Called Strike
0-1: Fly out, F8 (Line Drive, 8LXD)
Top of the 4th over - 0 run(s), 0 hit(s), 0 error(s), 0 left on base; Sioux Falls 0 - Alloway 3
BOTTOM OF THE 4TH
Alloway Halberds batting - Pitching for Sioux Falls Red Pandas : RHP Armando Marrero
Batting: SHB John Clayton 0-0: Called Strike
0-1: Swinging Strike
0-2: Ball
1-2: Ball
2-2: Ball
3-2: Foul Ball, location: 2F
3-2: Ground out 4-3 (Groundball, 4)
Batting: RHB Chi-hyeong Ho 0-0: Ground out 5-3 (Groundball, 56)
Batting: RHB Noah Smith 0-0: Ground out 6-3 (Groundball, 6)
Bottom of the 4th over - 0 run(s), 0 hit(s), 0 error(s), 0 left on base; Sioux Falls 0 - Alloway 3
TOP OF THE 5TH
Sioux Falls Red Pandas batting - Pitching for Alloway Halberds : RHP Jim Unknown
Batting: LHB Augustus Driscoll 0-0: Ball
1-0: Ball
2-0: Ball
3-0: Called Strike
3-1: Called Strike
3-2: Foul Ball, location: 2F
3-2: Foul Ball, location: 2F
3-2: Ground out 1-3 (Groundball, 13)
Batting: RHB Kenneth Noid 0-0: Ball
1-0: Ball
2-0: Ground out 4-3 (Groundball, 34)
Batting: LHB Fa-tang Wang 0-0: Fly out, F9 (Flyball, 9)
Top of the 5th over - 0 run(s), 0 hit(s), 0 error(s), 0 left on base; Sioux Falls 0 - Alloway 3
BOTTOM OF THE 5TH
Alloway Halberds batting - Pitching for Sioux Falls Red Pandas : RHP Armando Marrero
Batting: RHB Cisco Hernández 0-0: Called Strike
0-1: Ball
1-1: Ball
2-1: Foul Ball, location: 2F
2-2: Ball
3-2: Ground out 6-3 (Groundball, 6)
Batting: LHB Jesús Trevino 0-0: Called Strike
0-1: Ball
1-1: Foul Ball, location: 2F
1-2: Ball
2-2: Ball
3-2: Foul Ball, location: 2F
3-2: Foul Ball, location: 2F
3-2: Strikes out swinging
Batting: RHB Jorge López 0-0: Swinging Strike
0-1: Ball
1-1: Ball
2-1: Swinging Strike
2-2: SINGLE (Groundball, 56S) (infield hit)
Pitching: RHP Tim Cross
Batting: RHB Juan Salinas 0-0: Called Strike
0-1: Ball
1-1: Foul Ball, location: 2F
1-2: Fly out, F9 (Flyball, 9)
Bottom of the 5th over - 0 run(s), 1 hit(s), 0 error(s), 1 left on base; Sioux Falls 0 - Alloway 3
TOP OF THE 6TH
Sioux Falls Red Pandas batting - Pitching for Alloway Halberds : RHP Jim Unknown
Batting: RHB Bryant Skelly 0-0: Foul Ball, location: 2F
0-1: Ball
1-1: Swinging Strike
1-2: Ball
2-2: Strikes out swinging
Batting: RHB Arturo Scantlebury 0-0: Foul Ball, location: 2F
0-1: Ground out 4-3 (Groundball, 4)
Batting: LHB Armando Becerra 0-0: Ball
1-0: Called Strike
1-1: Foul Ball, location: 2F
1-2: Strikes out swinging
Top of the 6th over - 0 run(s), 0 hit(s), 0 error(s), 0 left on base; Sioux Falls 0 - Alloway 3
BOTTOM OF THE 6TH
Alloway Halberds batting - Pitching for Sioux Falls Red Pandas : RHP Tim Cross
Batting: LHB Jorge Flores 0-0: Swinging Strike
0-1: Ball
1-1: Ground out 4-3 (Groundball, 4)
Batting: RHB Vito Middendorf 0-0: Ball
1-0: Ground out 4-3 (Groundball, 4)
Batting: SHB John Clayton 0-0: SINGLE (Line Drive, 3D)
Batting: RHB Chi-hyeong Ho 0-0: Ball
1-0: Called Strike
1-1: Ball
2-1: Called Strike
2-2: Foul Ball, location: 2F
2-2: Foul Ball, location: 2F
2-2: Ball
3-2: Reached on error, E5 (Groundball, 5)
John Clayton to second
Batting: RHB Noah Smith 0-0: Called Strike
0-1: Ball
1-1: Foul Ball, location: 2F
1-2: Ball
2-2: Strikes out looking
Bottom of the 6th over - 0 run(s), 1 hit(s), 1 error(s), 2 left on base; Sioux Falls 0 - Alloway 3
TOP OF THE 7TH
Sioux Falls Red Pandas batting - Pitching for Alloway Halberds : RHP Jim Unknown
Batting: RHB Apu Nahasapeemapetilon 0-0: SINGLE (Groundball, 6MD)
Batting: LHB Homer Spence 0-0: Ball
1-0: Called Strike
1-1: Called Strike
1-2: Foul Ball, location: 2F
1-2: Foul Ball, location: 2F
1-2: Foul Ball, location: 2F
1-2: Fielders Choice at 2nd, 4-6 (Groundball, 4)
Batting: RHB Jesús Vásquez 0-0: Called Strike
0-1: Called Strike
0-2: Ball
1-2: SINGLE (Flyball, 78S)
Homer Spence to second
Batting: LHB Augustus Driscoll 0-0: Ball
1-0: Fielders Choice at 2nd, 6-4 (Groundball, 6M)
Homer Spence to third
Batting: RHB Kenneth Noid 0-0: Fly out, F7 (Flyball, 7S)
Top of the 7th over - 0 run(s), 2 hit(s), 0 error(s), 2 left on base; Sioux Falls 0 - Alloway 3
BOTTOM OF THE 7TH
Alloway Halberds batting - Pitching for Sioux Falls Red Pandas : RHP Tim Cross
Batting: RHB Cisco Hernández 0-0: Called Strike
0-1: Ball
1-1: Ball
2-1: Ground out 5-3 (Groundball, 56S)
Batting: LHB Jesús Trevino 0-0: Ball
1-0: SINGLE (Line Drive, 9S)
Batting: RHB Jorge López 0-0: Called Strike
0-1: Foul Ball, location: 2F
0-2: Ball
1-2: Ball
2-2: Foul Ball, location: 2F
2-2: Strikes out looking
Batting: RHB Juan Salinas 0-0: Ground out 1-3 (Groundball, 15S)
Bottom of the 7th over - 0 run(s), 1 hit(s), 0 error(s), 1 left on base; Sioux Falls 0 - Alloway 3
TOP OF THE 8TH
Sioux Falls Red Pandas batting - Pitching for Alloway Halberds : RHP Jim Unknown
Batting: LHB Fa-tang Wang 0-0: Ball
1-0: Called Strike
1-1: Ball
2-1: Called Strike
2-2: Foul Ball, location: 2F
2-2: Foul Ball, location: 2F
2-2: Foul Ball, location: 2F
2-2: Strikes out swinging
Batting: RHB Bryant Skelly 0-0: Ball
1-0: Ground out 6-3 (Groundball, 6)
Batting: RHB Arturo Scantlebury 0-0: Foul Ball, location: 2F
0-1: Fly out, F9 (Flyball, 89S)
Top of the 8th over - 0 run(s), 0 hit(s), 0 error(s), 0 left on base; Sioux Falls 0 - Alloway 3
BOTTOM OF THE 8TH
Alloway Halberds batting - Pitching for Sioux Falls Red Pandas : RHP Tim Cross
Batting: LHB Jorge Flores 0-0: Ground out 6-3 (Groundball, 6)
Batting: RHB Vito Middendorf 0-0: Ball
1-0: Foul Ball, location: 2F
1-1: Ground out 6-3 (Groundball, 6M)
Batting: SHB John Clayton 0-0: Swinging Strike
0-1: SINGLE (Groundball, 34D)
Batting: RHB Chi-hyeong Ho 0-0: Ball
1-0: Foul Ball, location: 2F
1-1: Foul Ball, location: 2F
1-2: Ball
2-2: Fly out, F9 (Flyball, 9)
Bottom of the 8th over - 0 run(s), 1 hit(s), 0 error(s), 1 left on base; Sioux Falls 0 - Alloway 3
TOP OF THE 9TH
Sioux Falls Red Pandas batting - Pitching for Alloway Halberds : RHP Jim Unknown
Batting: LHB Armando Becerra 0-0: Fly out, F4 (Popup, 4M)
Batting: RHB Apu Nahasapeemapetilon 0-0: Called Strike
0-1: Ball
1-1: Called Strike
1-2: Ball
2-2: Ball
3-2: Foul Ball, location: 2F
3-2: Strikes out swinging
Batting: LHB Homer Spence 0-0: Ball
1-0: SINGLE (Line Drive, 34D)
Pitching: RHP Jim Unknown
Batting: RHB Jesús Vásquez 0-0: Ball
1-0: Fielders Choice at 2nd, 6-4 (Groundball, 6)
Top of the 9th over - 0 run(s), 1 hit(s), 0 error(s), 0 left on base; Sioux Falls 0 - Alloway 3
Saturday, May 26th, 2018 - OOTP Baseball 17.12 Build 75